 Dungeon Crawl Stone Soup version 0.30-a0-715-gdb4ae3ece1 (webtiles) character file.

Game seed: 18264714701239382404

233 Kuronicle the Ducker (level 5, 25/25 HPs)
             Began as a Felid Monk on Jan 23, 2023.
             Quit the game on level 3 of the Dungeon.
             The game lasted 00:03:42 (1656 turns).

Kuronicle the Ducker (Felid Monk)                   Turns: 1656, Time: 00:03:43

Health: 25/25      AC:  1    Str:  9    XL:     5   Next: 75%
Magic:  6/6        EV: 20    Int: 11    God:
Gold:   60         SH:  0    Dex: 19    Spells: 4/4 levels left
                                        Lives:  1   Deaths: 0

rFire   . . .      SeeInvis +      - Unarmed
rCold   . . .      Faith    .    (shield unavailable)
rNeg    . . .      Spirit   +    (body armour unavailable)
rPois   .          Reflect  .    (helmet unavailable)
rElec   .          Harm     .    (cloak unavailable)
rCorr   .          Rampage  .    (gloves unavailable)
Will    .....                    (boots unavailable)
Stlth   +++                      e - amulet of guardian spirit
HPRegen 0.24/turn                (no ring)
MPRegen 0.10/turn                (no ring)

@: quick
A: very small, claws 1, fangs 3, see invisible, speed 1, shaggy fur 1, stealthy
paws, no weapons or thrown items, no armour, multi-lived
a: no special abilities


You were on level 3 of the Dungeon.
You visited 1 branch of the dungeon, and saw 3 of its levels.

You collected 60 gold pieces.

Inventory:

Jewellery
 e - an amulet of guardian spirit (around neck)
Scrolls
 g - a scroll of noise {unknown}
 h - a scroll of teleportation {unknown}
Potions
 a - a potion of ambrosia
 b - a potion of curing
 d - a potion of berserk rage


   Skills:
 * Level 3.7 Fighting
 * Level 5.2 Dodging
 * Level 4.6 Stealth
 * Level 4.8 Unarmed Combat


You had 4 spell levels left.
You didn't know any spells.
Your spell library was empty.

Dungeon Overview and Level Annotations

Branches:
Dungeon (3/15)

Altars:

Shops:
D:1 (   D:3 [!


Innate Abilities, Weirdness & Mutations

You have sharp claws.
You have razor-sharp teeth.
You have supernaturally acute eyesight. (SInv)
You cover ground quickly. (Speed+)
You are covered in fur. (AC +1)
Your paws help you pounce on unaware monsters.
You are incapable of wielding weapons or throwing items.
You cannot wear armour.
You gain extra lives every three experience levels.


Message History

Items here: ( )) †.
You barely miss the orc. The orc barely misses you.
You scratch the orc but do no damage. Your bite misses the orc.
The orc hits you with a +0 trident.
You scratch the orc.
The orc is heavily wounded.
The orc completely misses you.
You closely miss the orc. Your claw misses the orc.
The orc is heavily wounded.
The orc hits you with a +0 trident.
You barely miss the orc. Your bite misses the orc.
The orc is heavily wounded.
The orc hits you with a +0 trident.
You claw the orc!
You kill the orc!
You see here a +0 trident.
Found 6 stones.
You hear the slow rusting of a very distant drain.
Magic restored.
You see here 6 stones.
You open the door.
Found a scale mail.
Found Focej's Antique Armour Shop.
There is an open door here.
Found a stone staircase leading up.
There is an entrance to Focej's Antique Armour Shop here.
Unknown command.
Unknown command.
You see here a +0 scale mail.
You open the door.
Found 16 gold pieces.
There is an open door here.
You now have 60 gold pieces (gained 16).
You hear the rusting of a distant drain.
Unknown command.
Found a stone staircase leading down.
There is a stone staircase leading down here.
Found Cetiecw's Distillery.
There is an entrance to Cetiecw's Distillery here.
Unknown command.
Are you sure you want to abandon this character and quit the game? (Confirm with "yes".)

≈#.# #...####. ['.#
##.## ##.# #.### #.#
#...# #.# #.#.# ##.#
#.#.# ...#######.#.#
#
##...>..##.#.#####.#
######.........@..#
####.##.....##
#.##.#.#.#
#..........
####.#.#.### #.....#
###.### #.#


There were no monsters in sight!

Vanquished Creatures
  Sigmund (D:2)
  3 adders
  4 orcs (D:3)
  6 ball pythons (D:2)
  3 endoplasms
  3 goblins (D:1)
  5 hobgoblins
  A quokka (D:1)
  2 bats (D:2)
  4 frilled lizards (D:1)
  4 kobolds
  A rat (D:1)
37 creatures vanquished.

Vanquished Creatures (others)
  4 plants (D:2)
4 creatures vanquished.

Grand Total: 41 creatures vanquished

Notes
Turn   | Place    | Note
-------+----------+-------------------------------------------
     0 | D:1      | Kuronicle the Felid Monk began the quest for the Orb.
     0 | D:1      | Reached XP level 1. HP: 10/10 MP: 2/2
   268 | D:1      | Reached XP level 2. HP: 14/14 MP: 3/3
   382 | D:1      | Found Awaixzir's Antique Weapon Shop.
   625 | D:2      | Reached XP level 3. HP: 4/17 MP: 4/4
  1110 | D:2      | Noticed Sigmund
  1128 | D:2      | Killed Sigmund
  1129 | D:2      | Reached skill level 5 in Dodging
  1129 | D:2      | Reached XP level 4. HP: 22/22 MP: 5/5
  1129 | D:2      | Reached XP level 5. HP: 25/25 MP: 6/6
  1617 | D:3      | Found Focej's Antique Armour Shop.
  1648 | D:3      | Found Cetiecw's Distillery.
  1656 | D:3      | Quit the game

Illustrated notes

Levels and vault maps discovered:
D:1:      spicycebolla_arrival_xxxplode, layout_rooms, serial_shops,
          nicolae_diamond_shop, serial_corexii_hall, corexii_hall_statues_x,
          chequers_hall_statues_y, chequers_hall_statues_corner_a
D:2:      layout_basic, minmay_shallow_snake_nest, uniq_sigmund
D:3:      layout_loops_ring, mainiacjoe_overflow_brackets, gup_sewer_entry_pipe,
          serial_shops, nicolae_shop_hallway_plus, shop,
          nicolae_shop_hallway_plus, nrook_mini_backslash

Skill      XL: |  1  2  3 |
---------------+----------+-----
Stealth        | 3 4 |  4.6
Dodging        | 5 |  5.2
Unarmed Combat | 4 |  4.8
Fighting       | |  3.7

Action                     |  1- 3 |  4- 6 || total
---------------------------+-------+-------++-------
  Melee: Unarmed           |    71 |    30 ||   101
         Bite              |     7 |     2 ||     9
         Punch             |     1 |       ||     1
    Use: Scroll            |     1 |     4 ||     5
   Stab: Sleeping          |     4 |     1 ||     5
 Armour: Skin              |     2 |     1 ||     3
  Dodge: Dodged            |    65 |    22 ||    87

Table legend: (Time is in decaauts)
 A = Elapsed time spent in this place.
 B = Non-inter-level travel time spent in this place.
 C = Inter-level travel time spent in this place.
 D = Time resting spent in this place.
 E = Time spent auto-exploring this place.
 F = Levels seen in this place.
 G = Mean time per level.
                   A        B        C        D        E       F      G
               +--------+--------+--------+--------+--------+-----+--------+
         Total |   1388 |   1333 |     55 |    101 |    849 |   3 |  462.7 |
       Dungeon |   1388 |   1333 |     55 |    101 |    849 |   3 |  462.7 |
               +--------+--------+--------+--------+--------+-----+--------+

Top non-repeatable levels by time:
     D:2: 792 daAuts
     D:1: 424 daAuts
     D:3: 171 daAuts
